 Dungeon Crawl Stone Soup version 0.30-a0-272-gf98c3da03f (webtiles) character file.

Game seed: 9655140738763761323

15937 lunkers the Warrior (level 13, -11/127 HPs)
             Began as a Meteoran Wanderer on Oct 16, 2022.
             Was a Believer of Jiyva.
             Mangled by Donald
             ... wielding a +3 broad axe
              (43 damage)
             ... on level 2 of the Orcish Mines.
             The game lasted 00:23:45 (5531 turns).

lunkers the Warrior (Meteoran Wanderer)             Turns: 5531, Time: 00:23:46

Health: -11/127    AC: 13    Str: 16    XL:     13   Next: 0%
Magic:  25/25      EV: 23    Int: 20    God:    Jiyva [**....]
Gold:   805        SH:  0    Dex: 13    Spells: 13/14 levels left

rFire   . . .      SeeInvis .    a - +4 quarterstaff (chaos)
rCold   . . .      Faith    .    (shield currently unavailable)
rNeg    . . .      Spirit   .    K - +1 leather armour {rPois}
rPois   +          Reflect  .    (no helmet)
rElec   .          Harm     .    u - +2 cloak
rCorr   +          Rampage  .    (no gloves)
Will    ++...                    (no boots)
Stlth   +.........               (no amulet)
HPRegen 1.37/turn                i - +4 ring of evasion
MPRegen 0.49/turn                w - ring of magical power

@: hasted, glowing, very quick
A: sense surroundings 2, otherworldly, glowing, explore regen, iridescent scales
2, clever 1, strong-willed 1, wild magic 3, gelatinous body 2, jelly sensing
items
a: Renounce Religion


You were on level 2 of the Orcish Mines.
You worshipped Jiyva.
Jiyva was pleased with you.
You visited 2 branches of the dungeon, and saw 13 of its levels.

You collected 805 gold pieces.

Inventory:

Hand Weapons
 a - a +4 quarterstaff of chaos (weapon)
 q - a +1 vorpal war axe
 D - a +2 quick blade of draining
 J - a -2 demon whip of venom
Missiles
 b - an atropa-tipped dart
 c - 2 datura-tipped darts
 r - 6 curare-tipped darts
Armour
 u - a +2 cloak (worn)
 A - +0 steam dragon scales
 C - a scarf of repulsion
 G - a scarf of invisibility
 I - the +0 ring mail of Discretion {rElec rN++ Str-2}
   (You found it on level 10 of the Dungeon)

   Str:       It affects your strength (-2).
   rElec:     It insulates you from electricity.
   rN:        It greatly protects you from negative energy.
 K - a +1 leather armour of poison resistance (worn)
 L - a +0 troll leather armour
Jewellery
 e - a ring of flight
 i - a +4 ring of evasion (left hand)
 j - a +6 ring of strength
 w - a ring of magical power (right hand)
 E - a ring of magical power
Wands
 k - a wand of roots (10)
 s - a wand of polymorph (17)
 y - a wand of flame (17)
Scrolls
 m - 2 scrolls of enchant weapon
 p - 2 scrolls of summoning
 B - a scroll of amnesia
 F - a scroll of teleportation
Potions
 f - 2 potions of heal wounds
 g - 3 potions of attraction
 h - 3 potions of curing
 l - a potion of brilliance
 n - a potion of flight
 t - 2 potions of degeneration {unknown}
 v - a potion of mutation
 x - a potion of haste
 z - a potion of resistance {unknown}
 H - a potion of lignification {unknown}


   Skills:
 + Level 15.6 Fighting
 - Level 8.0 Staves
 - Level 3.6 Throwing
 - Level 5.0 Armour
 + Level 13.0 Dodging
 - Level 2.1 Stealth
 - Level 1.3 Spellcasting
 - Level 1.2 Fire Magic


You had 13 spell levels left.
You knew the following spells:

 Your Spells              Type           Power      Damage    Failure   Level
p - Foxfire               Conj/Fire      28%        2x1d5     38%         1

Your spell library contained the following spells:

 Spells                   Type           Power      Damage    Failure   Level
 Magic Dart               Conj           8%         1d3       45%         1
 Sandblast                Erth           4%         2d4       45%         1
 Passwall                 Tmut/Erth      1%         N/A       56%         2
 Searing Ray              Conj           4%         2d4       56%         2
 Ignite Poison            Fire/Tmut/Pois 5%         N/A       71%         3
 Gell's Gravitas          Tloc           2%         N/A       77%         3
 Stone Arrow              Conj/Erth      4%         3d7       77%         3
 Teleport Other           Tloc           2%         N/A       77%         3
 Fulminant Prism          Conj/Hex       1%         3d6       98%         4
 Yara's Violent Unravell  Hex/Tmut       1%         3d3       100%        5
 Dispersal                Tloc           1%         N/A       100%        6
 Enfeeble                 Hex            1%         N/A       100%        7


Dungeon Overview and Level Annotations

Branches:
Dungeon (11/15) Zot: 1744  Temple (0/1) D:5             Orc (2/2) D:11 Zot: 575
    Elf (0/3) Orc:2
   Lair: D:8-11

Altars:
Fedhas
Hepliaklqana
Kikubaaqudgha
Okawaru
Trog
Uskayaw
Xom
Yredelemnul
Jiyva

Shops:
Orc:2 :*(=[

Annotations:
Orc:2 Donald


Innate Abilities, Weirdness & Mutations

You passively map the area around you.
You are easily found by Zot.
You glow in the dark.
You regain HP and MP as you explore.
You are mostly covered in iridescent scales. (AC +4)
Your mind is acute. (Int +4, Str/Dex -1)
You are strong-willed. (Will+)
Your spells are much harder to cast, but much more powerful.
Your pliable body absorbs attacks. (AC +2, EV +2)
You have a small jelly attached to you that senses nearby items.


Message History

Donald struggles to escape constriction.
The grasping roots constrict Donald.
The roots release their grip on Donald.
You hear a distant slurping noise.
There is an entrance to Liano's Armour Shop here.
Aiming: Fastroot
Press: ? - help, Shift-Dir - straight line, f/p - Donald
Aim: Donald, wielding a +3 broad axe, wearing a +0 chain mail of cold resistance and wearing a +0 kite shield of reflection (lightly wounded, fast, strong, reflecting blocked projectiles)
The roots erupt in riotous growth!
Roots grab Donald.
The grasping roots constrict Donald.
Donald says, "Orcs complain a lot, don't they?
I hate it."
Donald struggles to escape constriction.
The grasping roots constrict Donald, but do no damage.
The roots release their grip on Donald.
Donald says, "What lunatic would build a room out of doors?"
You feel yourself speed up. Donald hits you with a +3 broad axe!!
You hear a distant slurping noise.
You hear a squelching noise.
Donald blocks your attack.
Donald is lightly wounded.
Donald says, "I prefer the Lair of the Beasts, to be honest.
At least animals don't complain."
Donald hits you with a +3 broad axe!!
Unknown command.
Donald blocks your attack.
Donald is lightly wounded.
You hear a distant slurping noise.
Donald hits you with a +3 broad axe!!
* * * LOW HITPOINT WARNING * * *
Unknown command.
You hit Donald but do no damage.
Donald is lightly wounded.
Donald says, "You must hate doors a lot."
Donald hits you with a +3 broad axe!!
* * * LOW HITPOINT WARNING * * *
You thump Donald!
Donald goes berserk!
Donald is moderately wounded.
Unknown command.
Donald blocks your attack.
Donald is moderately wounded.
Donald hits you with a +3 broad axe!!!
You die...

....,
.....**#.)†.............*
... .....
##..............* ...
....###.......... , , *
#.#######..##...........,
#.#....∩#..#.##.........
, , *
#.#.....#....##..##.....
,,
.)#.....#..#.....##.....
,
#)#.))..#.......@.......
#†###)###.....##@...#.#.
, #...))........##..###..
, #..##)###.....##..# , *
* ...#.)).#.....##### *
#..#....#..#..#** ,
#..#...∩#..#....* ,*
#^.######..##....* * ,
.... ...# #..## * ....
...# ###


You could see Donald (berserk, fast, strong, reflecting).

Vanquished Creatures
  Snorg (D:11)
  A two-headed ogre (Orc:2)
  Amaemon (D:10)
  5 orc knights (Orc:2)
  2 cyclopes (D:11)
  An orange demon (D:10)
  3 trolls
  10 yaks
  Sigmund (D:3)
  2 wyverns
  A human (shapeshifter) (Orc:2)
  A fire bat (D:11)
  Grum (D:10)
  A basilisk (shapeshifter) (Orc:2)
  5 steam dragons
  3 vampire mosquitoes (D:11)
  7 wargs
  2 water moccasins
  26 orc warriors
  A sky beast (D:7)
  3 black bears
  2 ogres
  2 wolves (D:10)
  3 centaurs
  A phantom (D:6)
  A kobold brigand (D:9)
  A bullfrog (D:9)
  Blork the orc (D:5)
  A scorpion (D:4)
  4 wights (D:7)
  A killer bee (D:5)
  Crazy Yiuf (D:3)
  A gnoll bouda (D:5)
  3 orc priests
  3 hounds
  Ijyb (D:3)
  Natasha (thrice) (D:4)
  7 orc wizards
  4 gnolls
  6 adders
  A white imp (D:6)
  2 ufetubi
  3 worms
  A dart slug (D:2)
  56 orcs
  2 ball pythons (D:2)
  5 giant cockroaches
  5 goblins
  2 hobgoblins
  2 jackals (D:3)
  4 quokkas
  3 bats
  2 frilled lizards (D:2)
  10 kobolds
  3 rats
225 creatures vanquished.

Vanquished Creatures (collateral kills)
  An orc sorcerer (D:9)
  A wraith (D:9)
2 creatures vanquished.

Vanquished Creatures (others)
  An acid blob (Orc:2)
  A slime creature (Orc:2)
  A hornet (D:9)
  5 dream sheep (D:8)
  A vampire mosquito (D:9)
  A black bear (D:4)
  6 orc warriors
  A centaur (D:9)
  A kobold brigand (D:9)
  A bullfrog (D:6)
  A wight (D:7)
  3 howler monkeys (D:10)
  11 jellies
  2 hounds
  4 orc priests
  An iguana (D:7)
  4 orc wizards (Orc:2)
  A shadow imp (D:7)
  An orc zombie (Orc:1)
  2 endoplasms
  18 orcs
  A hobgoblin (D:4)
  A bat (D:3)
  3 kobolds
  2 rats (D:3)
  231 foxfires
  13 plants (D:11)
318 creatures vanquished.

Grand Total: 545 creatures vanquished

Notes
Turn   | Place    | Note
-------+----------+-------------------------------------------
     0 | D:1      | lunkers the Meteoran Wanderer began the quest for the Orb.
     0 | D:1      | lunkers set off with the following items: a +0 dagger, an
                  | atropa-tipped dart, 2 datura-tipped darts, 9 poisoned
                  | darts, a +0 dagger, a potion of heal wounds, a +0 robe; and
                  | the following spell memorised: Foxfire; and the following
                  | spells available to memorise: Ignite Poison.
     0 | D:1      | Reached XP level 1. HP: 17/17 MP: 3/3
   103 | D:1      | Reached XP level 2. HP: 19/25 MP: 0/5
   122 | D:1      | HP: 1/25 [goblin/+0 club (2)]
   183 | D:2      | Reached skill level 3 in Fighting
   205 | D:2      | Noticed a golden eye
   207 | D:2      | Found a faded altar of an unknown god.
   208 | D:2      | Noticed a golden eye
   208 | D:2      | Noticed an eye of devastation
   208 | D:2      | Noticed a great orb of eyes
   222 | D:2      | Prayed at the altar of an unknown god.
   222 | D:2      | Became a worshipper of Jiyva Jeeweyce the Shapeless
   222 | D:2      | Reached * piety under Jiyva
   246 | D:2      | Reached XP level 3. HP: 31/31 MP: 3/6
   317 | D:2      | Reached skill level 4 in Fighting
   423 | D:2      | Reached XP level 4. HP: 39/40 MP: 7/7
   454 | D:2      | You fall into a shaft and drop 2 floors!
   474 | D:3      | Found a runed translucent door.
   475 | D:3      | Noticed Crazy Yiuf
   566 | D:3      | Reached ** piety under Jiyva
   624 | D:3      | Noticed Sigmund
   643 | D:3      | Killed Sigmund
   644 | D:3      | Reached skill level 6 in Fighting
   644 | D:3      | Reached XP level 5. HP: 51/51 MP: 1/8
   644 | D:3      | Reached XP level 6. HP: 58/58 MP: 1/9
   755 | D:3      | Noticed Ijyb
   764 | D:3      | Paralysed by Ijyb for 3 turns
   776 | D:3      | Killed Ijyb
   872 | D:3      | Killed Crazy Yiuf
   873 | D:3      | Reached skill level 7 in Fighting
   932 | D:4      | Noticed Natasha
   939 | D:4      | Killed Natasha
   940 | D:4      | Reached skill level 1 in Staves
   940 | D:4      | Reached XP level 7. HP: 64/66 MP: 5/10
  1013 | D:4      | Noticed Natasha
  1016 | D:4      | Killed Natasha
  1026 | D:4      | Reached *** piety under Jiyva
  1026 | D:4      | Gained mutation: Your spells are a little harder to cast,
                  | but a little more powerful. [Jiyva's grace]
  1026 | D:4      | Gained mutation: Your spells are harder to cast, but more
                  | powerful. [Jiyva's grace]
  1026 | D:4      | Gained mutation: Your spells are much harder to cast, but
                  | much more powerful. [Jiyva's grace]
  1026 | D:4      | Gained mutation: You have a somewhat thin skeletal
                  | structure. (Dex +2, Stealth+) [Jiyva's grace]
  1040 | D:4      | Noticed a steam dragon
  1047 | D:4      | Killed a steam dragon
  1052 | D:4      | Reached skill level 5 in Staves
  1068 | D:4      | Noticed Natasha
  1071 | D:4      | Killed Natasha
  1144 | D:4      | Reached XP level 8. HP: 69/73 MP: 11/11
  1152 | D:4      | Found a blossoming altar of Fedhas.
  1319 | D:5      | Entered Level 5 of the Dungeon
  1341 | D:5      | Found a staircase to the Ecumenical Temple.
  1354 | D:5      | Noticed a wyvern
  1362 | D:5      | Killed a wyvern
  1411 | D:5      | Noticed Blork the orc
  1426 | D:5      | Killed Blork the orc
  1548 | D:5      | Found a basalt altar of Yredelemnul.
  1683 | D:5      | Reached skill level 1 in Dodging
  1731 | D:5      | Reached **** piety under Jiyva
  1859 | D:6      | Gained mutation: You passively map the area around you.
                  | [Meteoran growth]
  1859 | D:6      | Reached XP level 9. HP: 73/79 MP: 12/12
  2122 | D:6      | Reached skill level 8 in Fighting
  2244 | D:7      | Found a bloodstained altar of Trog.
  2244 | D:7      | Reached ***** piety under Jiyva
  2260 | D:7      | Reached skill level 5 in Dodging
  2491 | D:7      | Reached skill level 9 in Fighting
  2658 | D:7      | Gained mutation: You are strong-willed. (Will+) [Jiyva's
                  | grace]
  2658 | D:7      | Gained mutation: You are highly strong-willed. (Will++)
                  | [Jiyva's grace]
  2658 | D:7      | Gained mutation: You are extremely strong-willed. (Will+++)
                  | [Jiyva's grace]
  2658 | D:7      | Gained mutation: Your mind is acute. (Int +4, Str/Dex -1)
                  | [Jiyva's grace]
  3165 | D:8      | Reached XP level 10. HP: 92/92 MP: 13/13
  3401 | D:8      | Reached ****** piety under Jiyva
  3494 | D:8      | Found a shimmering altar of Xom.
  3587 | D:9      | Reached skill level 10 in Fighting
  3618 | D:9      | Noticed a cyan ugly thing
  3619 | D:9      | Noticed a boulder beetle
  3619 | D:9      | Noticed a centaur warrior
  3638 | D:9      | Slimified a centaur warrior
  3663 | D:9      | Slimified a cyan ugly thing
  3663 | D:9      | a cyan ugly thing changed into a slime creature
  3665 | D:9      | Slimified a boulder beetle
  3665 | D:9      | a boulder beetle changed into an acid blob
  3665 | D:9      | Noticed an acid blob
  3704 | D:9      | Noticed Joseph
  3711 | D:9      | Slimified Joseph
  3711 | D:9      | Joseph changed into Joseph the slime creature
  3711 | D:9      | Noticed Joseph
  3769 | D:9      | Noticed an orc sorcerer
  3780 | D:9      | Killed an orc sorcerer
  3879 | D:9      | Noticed Erica
  3890 | D:9      | Slimified Erica
  3890 | D:9      | Noticed Erica
  3998 | D:10     | Entered Level 10 of the Dungeon
  4017 | D:10     | Reached skill level 11 in Fighting
  4075 | D:10     | Lost mutation: You have a somewhat thin skeletal structure.
                  | (Dex +2, Stealth+) [Jiyva's grace]
  4075 | D:10     | Lost mutation: You are extremely strong-willed. (Will+++)
                  | [Jiyva's grace]
  4075 | D:10     | Lost mutation: Your spells are much harder to cast, but
                  | much more powerful. [Jiyva's grace]
  4075 | D:10     | Gained mutation: You are partially covered in iridescent
                  | scales. (AC +2) [Jiyva's grace]
  4075 | D:10     | Gained mutation: You are mostly covered in iridescent
                  | scales. (AC +4) [Jiyva's grace]
  4075 | D:10     | Gained mutation: You are completely covered in iridescent
                  | scales. (AC +6) [Jiyva's grace]
  4075 | D:10     | Gained mutation: You have a small jelly attached to you
                  | that senses nearby items. [Jiyva's grace]
  4143 | D:10     | Noticed a two-headed ogre
  4149 | D:10     | Slimified a two-headed ogre
  4149 | D:10     | a two-headed ogre changed into a slime creature
  4172 | D:10     | Identified the +0 ring mail of Discretion {rElec rN++
                  | Str-2}
  4184 | D:10     | Noticed an orange demon
  4187 | D:10     | Noticed Amaemon
  4205 | D:10     | Noticed Grum
  4211 | D:10     | Killed an orange demon
  4212 | D:10     | Reached skill level 10 in Dodging
  4212 | D:10     | Reached XP level 11. HP: 104/104 MP: 14/14
  4218 | D:10     | Killed Grum
  4240 | D:10     | Killed Amaemon
  4241 | D:10     | Reached skill level 12 in Fighting
  4313 | D:10     | Found a hazy altar of Hepliaklqana.
  4313 | D:10     | Found an iron altar of Okawaru.
  4315 | D:10     | Found a hide-covered altar of Uskayaw.
  4353 | D:10     | Found an ancient bone altar of Kikubaaqudgha.
  4408 | D:11     | Noticed a cyclops
  4426 | D:11     | Killed a cyclops
  4448 | D:11     | Noticed a cyclops
  4459 | D:11     | Reached skill level 13 in Fighting
  4508 | D:11     | Killed a cyclops
  4509 | D:11     | Reached skill level 1 in Armour
  4730 | D:11     | Found a staircase to the Orcish Mines.
  4763 | Orc:1    | Entered Level 1 of the Orcish Mines
  4764 | Orc:1    | Noticed Snorg
  4779 | D:11     | Reached skill level 14 in Fighting
  4847 | D:11     | Killed Snorg
  4920 | Orc:2    | Entered Level 2 of the Orcish Mines
  4922 | Orc:2    | Noticed Erolcha
  4938 | Orc:2    | Slimified Erolcha
  4938 | Orc:2    | Erolcha changed into Erolcha the slime creature
  4938 | Orc:2    | Noticed Erolcha
  4945 | Orc:2    | Reached XP level 12. HP: 74/117 MP: 15/15
  5008 | Orc:2    | Noticed an orc warlord
  5016 | Orc:2    | Noticed Donald
  5017 | Orc:2    | Slimified an orc warlord
  5017 | Orc:2    | an orc warlord changed into an acid blob
  5017 | Orc:2    | Noticed an acid blob
  5027 | Orc:1    | Lost mutation: You are completely covered in iridescent
                  | scales. (AC +6) [Jiyva's grace]
  5027 | Orc:1    | Lost mutation: You are highly strong-willed. (Will++)
                  | [Jiyva's grace]
  5027 | Orc:1    | Lost mutation: Your spells are harder to cast, but more
                  | powerful. [Jiyva's grace]
  5027 | Orc:1    | Gained mutation: Your spells are harder to cast, but more
                  | powerful. [Jiyva's grace]
  5027 | Orc:1    | Gained mutation: Your spells are much harder to cast, but
                  | much more powerful. [Jiyva's grace]
  5027 | Orc:1    | Gained mutation: Your rubbery body absorbs attacks. (AC +1,
                  | EV +1) [Jiyva's grace]
  5027 | Orc:1    | Gained mutation: Your pliable body absorbs attacks. (AC +2,
                  | EV +2) [Jiyva's grace]
  5027 | Orc:1    | Noticed Nergalle
  5030 | Orc:1    | Slimified Nergalle
  5030 | Orc:1    | Nergalle changed into Nergalle the azure jelly
  5030 | Orc:1    | Noticed Nergalle
  5131 | Orc:2    | Noticed an orc knight
  5133 | Orc:2    | Killed an acid blob
  5140 | Orc:2    | Noticed an orc knight
  5143 | Orc:2    | Noticed an orc knight
  5154 | Orc:2    | Reached skill level 5 in Armour
  5156 | Orc:2    | Killed an orc knight
  5164 | Orc:2    | Killed an orc knight
  5168 | Orc:2    | Killed an orc knight
  5235 | Orc:2    | Reached skill level 15 in Fighting
  5309 | Orc:2    | Found Gous's Book Shop.
  5309 | Orc:2    | Found Ticlouzi's Assorted Antiques.
  5328 | Orc:2    | Killed Erolcha the slime creature
  5346 | Orc:2    | Found a staircase to the Elven Halls.
  5352 | Orc:2    | Noticed an orc knight
  5366 | Orc:2    | Killed an orc knight
  5380 | Orc:2    | Found Ynujis's Antique Weapon Shop.
  5380 | Orc:2    | Noticed an orc knight
  5381 | Orc:2    | Noticed a two-headed ogre
  5396 | Orc:2    | Killed an orc knight
  5411 | Orc:2    | Killed a two-headed ogre
  5434 | Orc:2    | Found Kaanid's Jewellery Shoppe.
  5434 | Orc:2    | Noticed an orc knight
  5445 | Orc:2    | an orc knight changed into a water moccasin
  5491 | Orc:2    | Found Liano's Armour Shop.
  5511 | Orc:2    | Reached XP level 13. HP: 127/127 MP: 16/16
  5531 | Orc:2    | Mangled by Donald

Illustrated notes

Levels and vault maps discovered:
D:1:      psy_arrival_radial01, layout_basic, minmay_tetromino_s4
D:2:      layout_rooms, hellmonk_ecumenical_altar_watching_god,
          minmay_fractal_squares_gapless_5
D:3:      layout_basic, uniq_sigmund, uniq_ijyb, uniq_crazy_yiuf_cottage
D:4:      layout_rooms, mainiacjoe_overflow_chevrons, serial_glass,
          glass_columns_a, glass_columns_b, minmay_strange_pillars,
          due_unseen_surprise, item_on_display_a, item_on_display_a,
          kennysheep_nondescript, nrook_uturn, uniq_natasha
D:5:      layout_loops_ring, old_standard_altar,
          minmay_temple_entry_drinking_statues, uniq_blork_the_orc
D:6:      layout_loops_ring, minmay_holes
D:7:      layout_loops_corners, trog_ov_bears_minmay
D:8:      layout_layer_cave, kb_xom_exploding_sheep, uniq_maurice
D:9:      cheibrodos_wizards_tower, layout_loops_ring, minmay_radiant,
          uniq_erica, uniq_joseph
D:10:     layout_basic, old_standard_altar, nicolae_overflow_hidden_temple,
          grunt_decor_cap, uniq_amaemon, uniq_grum
D:11:     layout_basic, dpeg_oklobed_lair, david_orc_2
Orc:1:    layout_caves, kennysheep_orc_sif_temple, uniq_nergalle, uniq_snorg
Orc:2:    st_orc_town, layout_caves, serial_shops, nicolae_square_shop,
          uniq_erolcha, uniq_donald

Skill      XL: |  1  2  3  4  5  6  7  8  9 10 11 12 |
---------------+-------------------------------------+-----
Fighting       | 3 4 6 7 9 11 14 15 | 15.6
Staves         | 1 5 8 |  8.0
Dodging        | 2 6 10 13 | 13.0
Armour         | 4 5 |  5.0
Throwing       | |  3.6
Stealth        | |  2.1
Spellcasting   | |  1.3
Fire Magic     | |  1.2

Action                   |  1- 3 |  4- 6 |  7- 9 | 10-12 | 13-15 || total
-------------------------+-------+-------+-------+-------+-------++-------
Melee: Dagger            |    53 |    58 |       |       |       ||   111
       Punch             |     1 |     2 |       |       |       ||     3
       Quarterstaff      |       |     3 |   158 |   569 |     6 ||   736
 Cast: Foxfire           |    33 |    61 |    41 |     4 |       ||   139
Invok: Slimify           |       |       |       |    10 |       ||    10
       Oozemancy         |       |       |       |     3 |       ||     3
Evoke: Wand              |       |     6 |       |     7 |     6 ||    19
  Use: Scroll            |     3 |       |     7 |     7 |       ||    17
       Potion            |       |     2 |       |     1 |     1 ||     4
 Stab: Sleeping          |       |       |     1 |     1 |       ||     2
       Paralysed         |       |       |       |     3 |       ||     3
       Confused          |       |       |       |     2 |       ||     2
       Petrified         |       |       |       |     1 |       ||     1
Armor: Robe              |     6 |    15 |    11 |       |       ||    32
       Steam dragon scal |       |       |    29 |    89 |       ||   118
       Leather armour    |       |       |       |   105 |       ||   105
       Skin              |       |       |       |     8 |       ||     8
Dodge: Dodged            |    15 |    75 |   151 |   657 |       ||   898

Table legend: (Time is in decaauts)
 A = Elapsed time spent in this place.
 B = Non-inter-level travel time spent in this place.
 C = Inter-level travel time spent in this place.
 D = Time resting spent in this place.
 E = Time spent auto-exploring this place.
 F = Levels seen in this place.
 G = Mean time per level.
                   A        B        C        D        E       F      G
               +--------+--------+--------+--------+--------+-----+--------+
         Total |   5478 |   5318 |    160 |      0 |   2619 |  13 |  421.4 |
       Dungeon |   4855 |   4695 |    160 |      0 |   2619 |  11 |  441.4 |
  Orcish Mines |    623 |    623 |      0 |      0 |      0 |   2 |  311.5 |
               +--------+--------+--------+--------+--------+-----+--------+

Top non-repeatable levels by time:
     D:8: 724 daAuts
     D:7: 615 daAuts
     D:5: 524 daAuts
    D:11: 468 daAuts
   Orc:2: 457 daAuts
     D:4: 440 daAuts
     D:9: 437 daAuts
     D:3: 435 daAuts
    D:10: 392 daAuts
     D:6: 364 daAuts
     D:2: 273 daAuts
     D:1: 179 daAuts
   Orc:1: 166 daAuts
